 Dungeon Crawl Stone Soup version 0.21-a0-2-ge494091 (webtiles) character file.

66 mopl the Sneak (level 4, -1/39 HPs)
             Began as a Naga Assassin on May 22, 2017.
             Slain by Natasha (3 damage)
             ... on level 2 of the Dungeon.
             The game lasted 00:01:39 (1212 turns).

mopl the Sneak (Naga Assassin)                      Turns: 1212, Time: 00:01:40

Health: -1/39      AC:  3    Str: 13    XL:     4   Next: 15%
Magic:  4/4        EV:  9    Int: 14    God:
Gold:   95         SH:  0    Dex: 13    Spells: 3/3 levels left

rFire    . . .     SeeInvis +   b - +0 blowgun
rCold    . . .     Gourm    .   (no shield)
rNeg     . . .     Faith    .   c - +0 robe
rPois    +         Spirit   .   (no helmet)
rElec    .         Reflect  .   d - +0 cloak
rCorr    .         Harm     .   (no gloves)
MR       .....                  (no barding)
Stlth    +++++.....             (no amulet)
Regen    0.2/turn               m - +2 ring of intelligence
MPRegen  0.1/turn               u - ring of stealth

@: short of breath, very slow
A: see invisible, deformed body, poison resistance, slowness 2, slow metabolism
1, spit poison 1, AC +1
a: Spit Poison


You were on level 2 of the Dungeon.
You were not hungry.

You visited 1 branch of the dungeon, and saw 2 of its levels.

You collected 95 gold pieces.

Inventory:

Hand Weapons
 a - a +2 dagger
 b - a +0 blowgun (weapon)
Missiles
 e - 7 poisoned needles (quivered)
Armour
 c - a +0 robe (worn)
 d - a +0 cloak (worn)
Jewellery
 m - a +2 ring of intelligence (left hand)
 u - a ring of stealth (right hand)
Scrolls
 i - a scroll of enchant weapon {unknown}
 l - 3 scrolls of remove curse {unknown}
 p - a scroll of teleportation {unknown}
 q - 2 scrolls of identify {unknown}
 t - a scroll of blinking {unknown}
 v - a scroll of enchant armour {unknown}
Potions
 k - a potion of magic {unknown}
 n - a potion of cancellation {unknown}
 o - a potion of invisibility {unknown}
 r - a potion of mutation {unknown}
Comestibles
 g - 3 bread rations
 h - a royal jelly
 j - a meat ration
 s - 3 chunks of flesh


   Skills:
 - Level 2.0 Fighting
 + Level 2.7 Short Blades
 + Level 2.1 Throwing
 - Level 0.7 Dodging
 * Level 7.6 Stealth


You had 3 spell levels left.
You didn't know any spells.

Dungeon Overview and Level Annotations

Branches:
Dungeon (2/15)

Altars:

Annotations:
D:2 Natasha


Innate Abilities, Weirdness & Mutations

You cannot wear boots.
Your serpentine skin is tough. (AC +1)
You have supernaturally acute eyesight. (SInv)
Armour fits poorly on your strangely shaped body.
Your system is resistant to poisons. (rPois)
You cover ground very slowly.
You have a slow metabolism.
You can spit poison.


Message History

The magic dart hits you!
* * * LOW HITPOINT WARNING * * *
Unknown command.
Firing (i - inventory. (,) - cycle):
f - 2 curare-tipped needles (quivered)
Press: ? - help, Shift-Dir - straight line, f/p - Natasha
Aim: Natasha (moderately wounded, poisoned)
You shoot a curare-tipped needle.
The curare-tipped needle barely misses Natasha.
The curare-tipped needle hits the worm.
The worm is poisoned.
The worm convulses.
You kill the worm!
Natasha claws you!
* * * LOW HITPOINT WARNING * * *
Firing (i - inventory. (,) - cycle):
f - a curare-tipped needle (quivered)
Press: ? - help, Shift-Dir - straight line, f/p - Natasha
Aim: Natasha (moderately wounded, poisoned)
You shoot a curare-tipped needle.
The curare-tipped needle closely misses Natasha.
Natasha claws you.
You die...

#.# #...)....###.###.#######
#.####............# #........
..............##..###......>.
#..............#.......######
#...###.....#..#.......#######
#...# #(....#..#...........$..
#........###...#..†....#######
##..###.## #..#...)..)# #...
..# #((h@......# #<####.
#..######### #...# ..##.# ..##
#.# # #.# ..# ###


You could see Natasha.

Vanquished Creatures
  Natasha (D:2)
  An adder (D:2)
  A worm (D:2)
  A dart slug (D:1)
  A giant cockroach (D:1)
  6 goblins
  4 hobgoblins
  A jackal (D:2)
  A quokka (D:2)
  2 bats (D:1)
  2 frilled lizards (D:2)
  2 kobolds (D:1)
  5 rats
28 creatures vanquished.

Notes
Turn   | Place    | Note
-------+----------+-------------------------------------------
     0 | D:1      | mopl the Naga Assassin began the quest for the Orb.
     0 | D:1      | Reached XP level 1. HP: 19/19 MP: 1/1
   103 | D:1      | Reached skill level 6 in Stealth
   175 | D:1      | Reached XP level 2. HP: 8/26 MP: 2/2
  1084 | D:2      | Reached skill level 7 in Stealth
  1084 | D:2      | Reached XP level 3. HP: 32/32 MP: 3/3
  1131 | D:2      | Noticed Natasha
  1143 | D:2      | Killed Natasha
  1143 | D:2      | Reached skill level 2 in Throwing
  1143 | D:2      | Reached XP level 4. HP: 29/39 MP: 4/4
  1200 | D:2      | Noticed Natasha
  1211 | D:2      | HP: 1/39 [Natasha (7)]
  1212 | D:2      | Slain by Natasha

Vault maps used:
D:1:      minmay_arrival_nine_rooms
D:2:      chequers_temple_overflow_statue_of_worship, first_bread, uniq_natasha

Skill      XL: |  1  2  3 |
---------------+----------+-----
Stealth        | 6 7 |  7.6
Throwing       | 2 |  2.1
Fighting       | |  2.0
Short Blades   | |  2.7
Dodging        | |  0.7

Action                   |  1- 3 |  4- 6 || total
-------------------------+-------+-------++-------
Melee: Dagger            |    68 |    21 ||    89
 Fire: Blowgun           |       |     3 ||     3
 Abil: Spit Poison       |     4 |     2 ||     6
 Stab: Sleeping          |     2 |     2 ||     4
  Eat: Chunk             |       |     1 ||     1
Armor: Robe              |    15 |     3 ||    18
Dodge: Dodged            |    28 |     5 ||    33
